 Dungeon Crawl Stone Soup version 0.28-a0-957-g42eb19b844 (webtiles) character file.

Game seed: 16064005517191391827

245900 meatgazer the Corrupter of Planes (level 18, -2/157 HPs)
             Began as a Demonspawn Abyssal Knight on Nov 30, 2021.
             Was the Champion of Lugonu.
             Killed from afar by an ironbound frostheart (3 damage)
             ... by creeping frost
             ... on level 1 of the Vaults.
             The game lasted 01:49:13 (64329 turns).

meatgazer the Corrupter of Planes (DsAK)           Turns: 64329, Time: 01:49:14

Health: -2/157     AC: 30    Str: 21      XL:     18   Next: 77%
Magic:  0/32       EV:  7    Int: 17 (18) God:    Lugonu [******]
Gold:   2639       SH:  0    Dex: 18 (19) Spells: 14/17 levels left

rFire   . . .      SeeInvis +   K - +9 mace "Afyemp" {pain, Dex+5}
rCold   . . .      Faith    .   x - +3 buckler
rNeg    . . .      Spirit   +   H - +7 plate armour "Lucar" {Fly Int+6}
rPois   .          Reflect  .   (helmet restricted)
rElec   .          Harm     .   (cloak unavailable)
rCorr   .          Rampage  .   (gloves unavailable)
Will    +....      Clarity  +   c - +1 pair of boots
Stlth   ..........              t - amulet of guardian spirit
HPRegen 0.36/turn               L - +4 ring of slaying
MPRegen 0.23/turn               u - +4 ring of protection

@: confused, ambrosia-drunk, flying, studying Conjurations
A: claws 3, horns 2, foul stench 3, spiny 1, weakness stinger 3, hooves 1, see
invisible, clarity, deterioration 1, passive freeze
}: 2/15 runes: barnacled, gossamer
a: Renounce Religion, Depart the Abyss, Bend Space, Banish, Corrupt, Enter the
Abyss


You were on level 1 of the Vaults.
You worshipped Lugonu.
Lugonu was exalted by your worship.
You visited 6 branches of the dungeon, and saw 32 of its levels.
You visited the Abyss 1 time.
You also visited: Sewer, Bailey and Ice Cave.

You collected 4235 gold pieces.
You spent 1596 gold pieces at shops.

Inventory:

Hand Weapons
 a - a +9 falchion of distortion
 K - the +9 mace "Afyemp" (weapon) {pain, Dex+5}
   (You found it in a bailey)

   In the hands of one skilled in necromantic magic, it inflicts extra damage on
   living creatures.
   Dex:       It affects your dexterity (+5).
Armour
 c - a +1 pair of boots (worn)
 x - a +3 buckler (worn)
 H - the +7 plate armour "Lucar" (worn) {Fly Int+6}
   (You found it on level 2 of the Shoals)

   Int:       It affects your intelligence (+6).
   Fly:       It grants you flight.
Jewellery
 t - an amulet of guardian spirit (around neck)
 u - a +4 ring of protection (right claw)
 L - a +4 ring of slaying (left claw)
Wands
 f - a wand of charming (13)
 h - a wand of flame (72)
 m - a wand of polymorph (31)
 n - a wand of iceblast (24)
 y - a wand of acid (17)
 E - a wand of digging (8)
 R - a wand of paralysis (3)
Scrolls
 b - 9 scrolls of teleportation
 d - a scroll of holy word
 i - 3 scrolls of fear
 j - a scroll of enchant weapon
 l - 5 scrolls of silence
 D - 4 scrolls of magic mapping
 I - 15 scrolls of identify
 M - 5 scrolls of amnesia
 P - a scroll of fog
 T - a scroll of brand weapon
Potions
 e - 3 potions of cancellation
 g - 5 potions of resistance
 k - 4 potions of ambrosia
 o - 4 potions of brilliance
 p - 15 potions of curing
 q - 4 potions of mutation
 s - 2 potions of magic
 w - 2 potions of invisibility
 z - 2 potions of attraction
 A - 5 potions of haste
 G - 5 potions of flight
Miscellaneous
 r - a tin of tremorstones (inert)
 C - a condenser vane (inert)
 J - a lightning rod (inert)


   Skills:
 + Level 18.1 Fighting
 - Level 13.7 Long Blades
 + Level 12.5 Maces & Flails
 - Level 14.1 Armour
 - Level 0.8 Dodging
 - Level 4.0 Shields
 - Level 3.4 Conjurations
 + Level 11.7 Necromancy
 - Level 2.0 Fire Magic
 + Level 20.5 Invocations
 - Level 8.5 Evocations


You had 14 spell levels left.
You knew the following spells:

 Your Spells              Type           Power      Damage    Failure   Level
a - Conjure Flame         Conj/Fire      9%         6-21      95%         3

Your spell library contained the following spells:

 Spells                   Type           Power      Damage    Failure   Level
 Sublimation of Blood     Necr           40%        N/A       3%          2
 Magic Dart               Conj           44%        1d5       54%         1
 Searing Ray              Conj           22%        2d5       67%         2
 Scorch                   Fire           12%        2d5       86%         2
 Beastly Appendage        Tmut           0%         N/A       95%         1
 Blink                    Tloc           0%         N/A       98%         2
 Poisonous Vapours        Pois/Air       0%         N/A       98%         2
 Wereblood                Tmut           0%         N/A       98%         2
 Stone Arrow              Conj/Erth      10%        3d7       98%         3
 Ignite Poison            Fire/Tmut/Pois 2%         N/A       99%         3
 Gell's Gravitas          Tloc           0%         N/A       100%        3
 Ozocubu's Armour         Ice            0%         N/A       100%        3
 Airstrike                Air            0%         N/A       100%        4
 Animate Armour           Summ/Erth      0%         N/A       100%        4
 Fulminant Prism          Conj/Hex       2%         3d6       100%        4
 Ice Form                 Ice/Tmut       0%         N/A       100%        4
 Iskenderun's Mystic Bla  Conj/Tloc      5%         2d3       100%        4
 Petrify                  Tmut/Erth      0%         N/A       100%        4
 Sticky Flame             Conj/Fire      9%         2d3       100%        4
 Summon Lightning Spire   Summ/Air       0%         N/A       100%        4
 Blade Hands              Tmut           0%         N/A       100%        5
 Freezing Cloud           Conj/Ice/Air   1%         6-21      100%        5
 Irradiate                Conj/Tmut      2%         3d14      100%        5
 Lee's Rapid Deconstruct  Erth           0%         3d5*      100%        5
 Lightning Bolt           Conj/Air       2%         1d14      100%        5
 Manifold Assault         Tloc           0%         N/A       100%        5
 Metabolic Englaciation   Hex/Ice        0%         N/A       100%        5
 Eringya's Noxious Bog    Tmut/Pois      0%         N/A       100%        6
 Simulacrum               Ice/Necr       10%        N/A       100%        6
 Starburst                Conj/Fire      4%         6d4       100%        6
 Dragon Form              Tmut           0%         N/A       100%        7
 Malign Gateway           Summ/Tloc      0%         N/A       100%        7
 Storm Form               Tmut/Air       0%         N/A       100%        7
 Summon Hydra             Summ           0%         N/A       100%        7
 Lehudib's Crystal Spear  Conj/Erth      2%         10d2      100%        8


Dungeon Overview and Level Annotations

Branches:
Dungeon (15/15)            Temple (0/1) D:5            Lair (6/6) D:8
 Shoals (4/4) Lair:4       Spider (4/4) Lair:4        Slime (0/5) Lair:6
    Orc (2/2) D:10            Elf (0/3) Orc:2        Vaults (1/5) D:13
 Depths (0/4) D:15          Sewer (visited)          Bailey (visited)
  IceCv (visited)

Altars:
Ashenzari
Cheibriados
Dithmenos
Elyvilon
Gozag
Hepliaklqana
Makhleb
Nemelex Xobeh
Okawaru
Qazlal
Ru
Sif Muna
Trog
Uskayaw
Wu Jian
Xom
Beogh

Shops:
D:4 *!?((   D:11 =   Orc:2 !:[(

Portals:
Trove: D:10 (give 6 scrolls of fear)

Annotations:
D:6 1 runed translucent door, bearlyready's ghost, novice HOGl
Shoals:1 1 runed translucent door, Cijo Quk's ghost, journeyman TrMo


Innate Abilities, Weirdness & Mutations

You have claws for hands.
You have a pair of horns on your head.
You frequently emit foul miasma when damaged in melee.
You are partially covered in sharp spines.
You have a sharp stinger which inflicts weakening toxins.
You have large cloven feet.
You have supernaturally acute eyesight. (SInv)
You possess an exceptional clarity of mind.
Your body sometimes deteriorates upon taking damage.
A frigid envelope surrounds you and freezes all who hurt you.


Message History

Your body deteriorates!
You feel dopey.
You hit the white very ugly thing.
The white very ugly thing writhes in agony!
You kill the white very ugly thing!
Lugonu accepts your kill. The ice encasing you melts away.
The ironbound frostheart touches you! The ironbound frostheart freezes you!!
* * * LOW HITPOINT WARNING * * *
The ironbound frostheart resists.
The ironbound frostheart is very cold.
The ironbound frostheart is severely wounded.
You emit a cloud of foul miasma!
Things that are here:
a very ugly thing corpse; a very ugly thing corpse You bludgeon the ironbound frostheart!!
The ironbound frostheart writhes in agony.
You tail-slap the ironbound frostheart, but do no damage.
The ironbound frostheart is almost dead.
The ironbound frostheart is engulfed in dark miasma.
The ironbound frostheart is poisoned.
The ironbound frostheart seems to slow down.
The ironbound frostheart touches you.
* * * LOW HITPOINT WARNING * * *
The ironbound frostheart freezes you!!
* * * LOW HITPOINT WARNING * * *
The ironbound frostheart completely resists.
The ironbound convoker hits you but does no damage.
The ironbound convoker is very cold.
The ironbound convoker is severely wounded.
You are confused.
You feel invigorated.
The ironbound convoker hits you with a +0 morningstar!
* * * LOW HITPOINT WARNING * * *
The ironbound convoker is very cold.
The ironbound convoker is severely wounded.
The ironbound frostheart is engulfed in dark miasma.
The ironbound frostheart looks even sicker.
The ironbound frostheart seems to slow down.
The ironbound frostheart calls freezing cold from the walls.
The frost grips you.
You die...

.... .(.. ###...
...... #.....######
....# .......#p.†#
....# #.....p@.#
....# #####'#####
....# #.......# ....#
#.##....# ....#
#......##
....########.......#
....#..........#....#
....'..)..........#.#
....#...............#


You could see an ironbound frostheart (very poisoned, slow) and an ironbound
convoker.

Vanquished Creatures
  Frances (Shoals:2)
  The ghost of Hadeweugop the Lord of Darkness, an adept DsNe of Kikubaaqudgha (Shoals:3)
  2 krakens (Shoals:1)
  2 sphinxes (Shoals:4)
  Donald (Shoals:2)
  3 ghost moths (Spider:4)
  Louise (Shoals:1)
  8 emperor scorpions
  3 very ugly things (Vaults:1)
  2 minotaurs (Shoals:4)
  2 entropy weavers (Spider:1)
  A spark wasp (Spider:4)
  The ghost of Hubris850 the Carver, a journeyman MiFi of Yredelemnul (D:13)
  A merfolk javelineer (Shoals:4)
  A great orb of eyes (Vaults:1)
  5 merfolk impalers
  4 hydras
  A fire dragon (D:15)
  Erolcha (D:11)
  4 boulder beetles
  Harold (D:11)
  2 vault guards (D:13)
  2 merfolk aquamancers (Shoals:3)
  4 merfolk avatars
  5 centaur warriors
  An ice dragon (D:15)
  An ironbound frostheart (IceCv)
  A death knight (D:13)
  A catoblepas (Lair:3)
  An alligator snapping turtle (Shoals:4)
  10 satyrs
  5 two-headed ogres
  8 death yaks
  4 tengu warriors
  A dancing weapon (D:13)
  5 orc high priests
  Sonja (D:11)
  9 sea snakes
  5 skeletal warriors (D:12)
  A swamp dragon (shapeshifter) (D:15)
  An ironbound convoker (Vaults:1)
  2 phantasmal warriors
  6 orc sorcerers
  32 wolf spiders
  3 orc knights
  26 harpies
  8 ugly things
  22 orb spiders
  4 cyclopes
  11 merfolk sirens
  21 manticores
  16 fauns
  2 moths of wrath
  Maurice (D:8)
  3 black mambas
  An ice statue (IceCv)
  5 torpor snails
  19 cane toads
  A gargoyle (D:12)
  Psyche (D:10)
  3 freezing wraiths
  5 yaktaurs (D:12)
  11 komodo dragons
  15 demonic crawlers
  6 rime drakes
  3 tengu conjurers
  A kobold demonologist (Bailey)
  14 polar bears
  8 trolls
  46 jumping spiders
  3 meliai (D:14)
  4 tyrant leeches (Lair:6)
  4 wind drakes
  A wolf spider simulacrum (D:12)
  18 slime creatures
  7 hornets
  22 blink frogs
  29 merfolk
  8 dream sheep
  72 redbacks
  6 snapping turtles
  3 shadows
  A centaur simulacrum (D:12)
  7 water elementals
  A wraith (D:10)
  91 yaks
  4 wyverns
  27 tarantellas
  2 vampires
  7 humans (D:13)
  6 basilisks
  A golden eye (Spider:4)
  11 vampire mosquitoes
  A steam dragon (D:8)
  5 wargs
  An acid dragon (D:9)
  Duvessa (D:5)
  17 water moccasins
  45 orc warriors
  Pargi (Sewer)
  A sky beast (D:7)
  3 ice beasts (D:12)
  3 black bears
  8 ogres
  32 wolves
  18 centaurs
  28 bullfrogs
  A kobold brigand (D:5)
  A scorpion (D:6)
  A gnoll sergeant (D:8)
  A wyvern zombie (D:6)
  Dowan (D:5)
  10 killer bees
  5 wights (D:6)
  8 electric eels
  4 howler monkeys
  2 centaur zombies
  3 jellies
  32 orc priests
  4 hounds
  2 bullfrog skeletons
  3 iguanas
  29 orc wizards
  4 hell rats (Lair:1)
  A killer bee zombie (D:6)
  A hound zombie (D:5)
  A hound skeleton (D:5)
  A howler monkey zombie (D:8)
  6 gnolls
  A howler monkey skeleton (D:6)
  5 river rats (Lair:1)
  6 adders
  18 white imps
  5 ufetubi
  An adder skeleton (D:4)
  2 worms
  A dart slug (D:1)
  87 orcs
  8 endoplasms
  6 giant cockroaches
  21 goblins
  16 hobgoblins
  4 jackals (D:3)
  2 quokkas
  7 ball pythons
  4 bats
  2 frilled lizards
  17 kobolds
  11 rats
  5 tentacles (Shoals:1)
1259 creatures vanquished.

Vanquished Creatures (collateral kills)
  A death knight (D:15)
  A wraith (D:15)
2 creatures vanquished.

Vanquished Creatures (others)
  An emperor scorpion (Spider:2)
  A tarantella (Spider:1)
  A redback (Spider:2)
  3 humans
  A bush (Lair:2)
  52 fungi
  176 plants
  20 tentacles (Shoals:1)
255 creatures vanquished.

Grand Total: 1516 creatures vanquished

Notes
Turn   | Place    | Note
-------+----------+-------------------------------------------
     0 | Abyss:1  | meatgazer the Demonspawn Abyssal Knight began the quest for
                  | the Orb.
     0 | Abyss:1  | Reached XP level 1. HP: 18/18 MP: 2/2
    84 | Abyss:2  | Identified the +1 chain mail "Hevvoihu" {rN+ rCorr}
   133 | Abyss:2  | Noticed an apocalypse crab
   149 | Abyss:2  | Noticed a wraith
   151 | D:1      | Escaped the Abyss
   292 | D:1      | Discovered your monstrous ancestry.
   292 | D:1      | Gained mutation: You have a pair of small horns on your
                  | head. [demonic ancestry]
   292 | D:1      | Reached XP level 2. HP: 18/24 MP: 4/4
   310 | D:1      | Identified a scroll of acquirement
   310 | D:1      | Acquired a manual of Armour
  1218 | D:2      | Found a shadowy altar of Dithmenos.
  1236 | D:2      | Reached skill level 3 in Invocations
  1284 | D:2      | Reached * piety under Lugonu
  1604 | D:2      | Gained mutation: You have a small tail. [demonic ancestry]
  1604 | D:2      | Reached XP level 3. HP: 29/29 MP: 5/5
  2253 | D:3      | Found an iron altar of Okawaru.
  2358 | D:3      | Found a glowing drain.
  2362 | Sewer    | Entered a sewer
  2838 | Sewer    | Noticed Pargi
  2844 | Sewer    | Killed Pargi
  2845 | Sewer    | Reached skill level 4 in Invocations
  2845 | Sewer    | Reached XP level 4. HP: 29/37 MP: 5/7
  2845 | Sewer    | Reached XP level 5. HP: 33/42 MP: 5/8
  3370 | D:3      | Found a faded altar of an unknown god.
  3387 | D:3      | Found an opulent altar of Gozag.
  3544 | D:3      | Reached ** piety under Lugonu
  3827 | D:4      | Found Zeubb's Distillery.
  3864 | D:4      | Found Plog's Assorted Antiques.
  3943 | D:4      | Identified the +0 buckler of Fyfur {Str-3 Dex+4}
  3959 | D:4      | Gained mutation: You may rarely emit foul miasma when
                  | damaged in melee. [demonic ancestry]
  3959 | D:4      | Reached XP level 6. HP: 31/48 MP: 9/9
  4194 | D:4      | Found Saip's Firing Range.
  4209 | D:4      | Found Duner's Weapon Boutique.
  4225 | D:4      | Found a hazy altar of Hepliaklqana.
  4361 | D:4      | Found Laiphump's Magic Scroll Emporium.
  4953 | D:5      | Entered Level 5 of the Dungeon
  5007 | D:5      | Found a staircase to the Ecumenical Temple.
  5031 | D:5      | Reached skill level 5 in Invocations
  5042 | D:5      | Gained mutation: You are partially covered in sharp spines.
                  | [demonic ancestry]
  5042 | D:5      | Reached XP level 7. HP: 23/55 MP: 9/11
  5179 | D:5      | Reached skill level 5 in Armour
  5616 | D:5      | Reached skill level 5 in Fighting
  5756 | D:5      | Found a hide-covered altar of Uskayaw.
  5877 | D:5      | Noticed Dowan
  5878 | D:5      | Noticed Duvessa
  5902 | D:5      | Killed Duvessa
  5903 | D:5      | Reached skill level 6 in Invocations
  5905 | D:5      | Killed Dowan
  5905 | D:5      | Reached *** piety under Lugonu
  6107 | D:6      | Gained mutation: You have sharp fingernails. [demonic
                  | ancestry]
  6107 | D:6      | Reached XP level 8. HP: 63/63 MP: 10/12
  6349 | D:6      | Found a runed translucent door.
  6349 | D:6      | Noticed bearlyready's ghost (novice HOGl)
  6361 | D:6      | Reached skill level 7 in Invocations
  6407 | D:6      | Acquired 778 gold pieces
  6474 | D:4      | Bought a potion of experience for 650 gold pieces
  6564 | D:4      | Bought a scroll of identify for 22 gold pieces
  6564 | D:4      | Bought a scroll of identify for 22 gold pieces
  6564 | D:4      | Bought a scroll of identify for 22 gold pieces
  6564 | D:4      | Bought a scroll of enchant weapon for 82 gold pieces
  6605 | D:4      | Bought a yellow potion for 18 gold pieces
  6605 | D:4      | Bought a scroll labelled HIYKEW QAYKUET for 20 gold pieces
  6605 | D:4      | Bought a murky puce potion for 18 gold pieces
  6610 | D:4      | Reached skill level 10 in Fighting
  6610 | D:4      | Gained mutation: You sometimes emit foul miasma when
                  | damaged in melee. [demonic ancestry]
  6610 | D:4      | Reached XP level 9. HP: 79/79 MP: 14/14
  7013 | D:7      | Found a burning altar of Makhleb.
  8174 | D:7      | Found an ornate altar of the Wu Jian Council.
  8174 | D:7      | Found a sparkling altar of Nemelex Xobeh.
  8188 | D:7      | Found a bloodstained altar of Trog.
  8190 | D:7      | Found a shadowy altar of Dithmenos.
  8192 | D:7      | Found a stormy altar of Qazlal.
  8331 | D:8      | Gained mutation: You sometimes lose the ability to read
                  | scrolls when taking damage. [potion of mutation]
  8331 | D:8      | Gained mutation: You are resistant to electric shocks.
                  | (rElec) [potion of mutation]
  8337 | D:8      | Lost mutation: You sometimes lose the ability to read
                  | scrolls when taking damage. [potion of mutation]
  8337 | D:8      | Lost mutation: You are resistant to electric shocks.
                  | (rElec) [potion of mutation]
  8337 | D:8      | Gained mutation: You are partially covered in iridescent
                  | scales. (AC +2) [potion of mutation]
  8337 | D:8      | Gained mutation: You are robust. (+10% HP) [potion of
                  | mutation]
  8378 | D:8      | Found a staircase to the Lair.
  9057 | D:8      | Reached XP level 10. HP: 82/94 MP: 15/15
  9062 | D:8      | Reached skill level 8 in Invocations
  9634 | D:8      | Noticed Maurice
  9663 | D:8      | Killed Maurice
  9955 | D:8      | Reached **** piety under Lugonu
 10755 | D:9      | Reached skill level 10 in Long Blades
 10911 | D:9      | Reached skill level 9 in Invocations
 11237 | D:9      | Noticed a two-headed ogre
 11239 | D:9      | Noticed a two-headed ogre
 11240 | D:9      | Paralysed by a hornet for 3 turns
 11244 | D:9      | Banished a two-headed ogre
 11245 | D:9      | Gained mutation: You frequently emit foul miasma when
                  | damaged in melee. [demonic ancestry]
 11245 | D:9      | Reached XP level 11. HP: 71/102 MP: 8/18
 11245 | D:9      | Banished a two-headed ogre
 11681 | Lair:1   | Entered Level 1 of the Lair of Beasts
 12036 | Lair:1   | Reached skill level 1 in Shields
 12560 | Lair:1   | Noticed a seven-headed hydra
 12562 | Lair:1   | Banished a seven-headed hydra
 12893 | Lair:1   | Reached skill level 10 in Invocations
 13064 | Lair:2   | Reached skill level 10 in Armour
 13620 | Lair:2   | Found a snail-covered altar of Cheibriados.
 14255 | Lair:2   | Reached ***** piety under Lugonu
 14426 | Lair:2   | Gained mutation: You have very sharp fingernails. [demonic
                  | ancestry]
 14426 | Lair:2   | Reached XP level 12. HP: 109/112 MP: 20/20
 14543 | Lair:2   | Reached skill level 11 in Invocations
 15177 | Lair:3   | Noticed a catoblepas
 16064 | Lair:3   | Killed a catoblepas
 16300 | Lair:3   | Noticed an eight-headed hydra
 16305 | Lair:3   | Banished an eight-headed hydra
 16490 | Lair:3   | Noticed a boulder beetle
 16509 | Lair:3   | Killed a boulder beetle
 16832 | Lair:4   | Reached skill level 12 in Invocations
 17095 | Lair:4   | Reached skill level 1 in Evocations
 17106 | Lair:4   | Found a staircase to the Shoals.
 17462 | Lair:4   | Found a hole to the Spider Nest.
 18299 | Lair:5   | Noticed a death yak
 18299 | Lair:5   | Noticed a death yak
 18300 | Lair:5   | Noticed a death yak
 18330 | Lair:4   | Killed a death yak
 18339 | Lair:4   | Killed a death yak
 18340 | Lair:4   | Reached XP level 13. HP: 69/119 MP: 12/22
 18957 | Lair:5   | Identified the +2 leather armour of Subjectivity {Harm rF++
                  | Dex-2}
 19408 | Lair:6   | Entered Level 6 of the Lair of Beasts
 19709 | Lair:6   | Reached skill level 13 in Invocations
 20649 | Lair:6   | Reached skill level 5 in Evocations
 21169 | Lair:6   | Gained mutation: You have a tail ending in a sharp stinger.
                  | [demonic ancestry]
 21169 | Lair:6   | Reached XP level 14. HP: 84/130 MP: 19/24
 22225 | Lair:6   | Reached skill level 14 in Invocations
 23062 | Lair:6   | Got the Tome of Venomous Snow
 23220 | Lair:6   | Found a staircase to the Slime Pits.
 23509 | D:10     | Entered Level 10 of the Dungeon
 24462 | D:10     | Found a staircase to the Orcish Mines.
 24663 | D:10     | Noticed Psyche
 24665 | D:10     | Found a portal to a secret trove of treasure.
 24677 | D:10     | Killed Psyche
 25135 | Orc:1    | Entered Level 1 of the Orcish Mines
 25135 | Orc:1    | Found a frozen archway.
 25484 | IceCv    | Entered an ice cave
 26560 | IceCv    | Reached ****** piety under Lugonu
 27097 | IceCv    | Reached skill level 15 in Invocations
 27303 | IceCv    | Found the +4 skin of Zhor {*Englaciate rC+++ SInv}
 27310 | IceCv    | Got Sif Muna's Guide on Heat and the Voyage
 28102 | Orc:1    | Learned a level 3 spell: Conjure Flame
 29317 | Orc:1    | Paralysed by an orc sorcerer for 7 turns
 30306 | Orc:1    | Gained mutation: You have a sharp stinger which inflicts
                  | weakening toxins. [demonic ancestry]
 30306 | Orc:1    | Reached XP level 15. HP: 138/139 MP: 26/26
 30438 | Orc:1    | Paralysed by an orc sorcerer for 4 turns
 30541 | Orc:2    | Entered Level 2 of the Orcish Mines
 31225 | Orc:2    | Found a staircase to the Elven Halls.
 31707 | Orc:1    | Reached skill level 1 in Conjurations
 32503 | Orc:2    | Reached skill level 1 in Fire Magic
 33000 | Orc:2    | Found Arruh's Distillery.
 33000 | Orc:2    | Found Xesch's Weapon Shop.
 33000 | Orc:2    | Found Winuk's Book Boutique.
 33038 | Orc:2    | Found Cithre Buokom's Armour Shop.
 33395 | Orc:2    | Bought a potion of mutation for 112 gold pieces
 33395 | Orc:2    | Bought a potion of heal wounds for 70 gold pieces
 33940 | D:11     | Found Moyjeun's Jewellery Shop.
 33945 | D:11     | Bought a ring of poison resistance for 200 gold pieces
 33945 | D:11     | Bought a +4 ring of protection for 360 gold pieces
 34448 | D:11     | Noticed Erolcha
 34457 | D:11     | Killed Erolcha
 34549 | D:11     | Noticed Harold
 34559 | D:11     | Killed Harold
 34602 | D:11     | Noticed Sonja
 34608 | D:11     | Killed Sonja
 36661 | D:13     | Reached skill level 15 in Fighting
 36799 | D:13     | Found a flagged portal.
 36813 | Bailey   | Entered a bailey
 36857 | Bailey   | Found an iron altar of Okawaru.
 37124 | Bailey   | Acquired the +1 plate armour of the Orcish Mines {Fly}
 37247 | Bailey   | Identified the +9 mace "Afyemp" {pain, Dex+5}
 37376 | Bailey   | Reached skill level 16 in Invocations
 37537 | D:13     | Got Roneuh Qutu's Tome of Transmutation
 37560 | D:13     | Reached skill level 1 in Maces & Flails
 37569 | D:13     | HP: 7/141 [freezing wraith[a death knight] (10)]
 37579 | D:13     | Reached skill level 1 in Necromancy
 38178 | D:13     | Found a runed translucent door.
 38180 | D:13     | Found a shimmering altar of Xom.
 38180 | D:13     | Noticed Hubris850's ghost (journeyman MiFi)
 38768 | Spider:1 | Entered Level 1 of the Spider Nest
 39352 | Lair:4   | Identified a +9 falchion of distortion (a +9 falchion of
                  | electrocution corrupted by Lugonu)
 39352 | Lair:4   | Received a gift from Lugonu
 40174 | Spider:1 | Reached XP level 16. HP: 45/149 MP: 9/28
 40929 | Spider:1 | Reached skill level 5 in Maces & Flails
 43167 | Spider:2 | Reached skill level 5 in Necromancy
 43167 | Spider:2 | Reached skill level 17 in Invocations
 44731 | Spider:2 | Gained mutation: You sometimes lose the ability to read
                  | scrolls when taking damage. [mutagenic glow]
 44732 | Spider:2 | Paralysed by a Zot trap for 5 turns
 44746 | Spider:2 | Gained mutation: You are dopey. (Int -2) [mutagenic glow]
 44763 | Spider:2 | Gained mutation: You possess an exceptional clarity of
                  | mind. [mutagenic glow]
 44790 | Spider:2 | Gained mutation: Armour fits poorly on your strangely
                  | shaped body. [mutagenic glow]
 46244 | Spider:3 | Identified the +1 leather armour of Anarchy {*Corrode rElec
                  | Dex+2 Slay+5}
 46506 | Spider:3 | Lost mutation: You sometimes lose the ability to read
                  | scrolls when taking damage. [potion of mutation]
 46506 | Spider:3 | Lost mutation: You are partially covered in iridescent
                  | scales. (AC +2) [potion of mutation]
 46506 | Spider:3 | Gained mutation: You are weak. (Str -2) [potion of
                  | mutation]
 46506 | Spider:3 | Gained mutation: A frigid envelope surrounds you and
                  | freezes all who hurt you. [potion of mutation]
 46506 | Spider:3 | Gained mutation: You have claws for hands. [potion of
                  | mutation]
 46507 | Spider:3 | Lost mutation: You are weak. (Str -2) [potion of mutation]
 46507 | Spider:3 | Lost mutation: You are robust. (+10% HP) [potion of
                  | mutation]
 46507 | Spider:3 | Gained mutation: You have hidden genetic potential. [potion
                  | of mutation]
 46508 | Spider:3 | Lost mutation: Armour fits poorly on your strangely shaped
                  | body. [potion of mutation]
 46508 | Spider:3 | Lost mutation: You are dopey. (Int -2) [potion of mutation]
 46508 | Spider:3 | Lost mutation: You possess an exceptional clarity of mind.
                  | [potion of mutation]
 46508 | Spider:3 | Gained mutation: Your body sometimes deteriorates upon
                  | taking damage. [potion of mutation]
 46508 | Spider:3 | Gained mutation: You have supernaturally acute eyesight.
                  | (SInv) [potion of mutation]
 46787 | Spider:3 | Identified the +2 ring mail "Boenimed" {+Blink rElec rC-
                  | Slay+2}
 47116 | Spider:4 | Entered Level 4 of the Spider Nest
 49085 | Spider:4 | Reached skill level 18 in Invocations
 49085 | Spider:4 | Identified the +0 robe "Oteut" {Int+6 Stlth-}
 49397 | Spider:4 | Mutation became permanent: You have very sharp fingernails.
                  | [demonic ancestry]
 49397 | Spider:4 | Gained mutation: You have claws for hands. [demonic
                  | ancestry]
 49397 | Spider:4 | Reached XP level 17. HP: 103/145 MP: 27/30
 50070 | Spider:4 | Got a gossamer rune of Zot
 50702 | Shoals:1 | Entered Level 1 of the Shoals
 50716 | Shoals:1 | Noticed a kraken
 50740 | Shoals:1 | Found a runed translucent door.
 50741 | Shoals:1 | Noticed Cijo Quk's ghost (journeyman TrMo)
 51253 | Shoals:1 | Found a sparkling altar of Nemelex Xobeh.
 51271 | Shoals:1 | Reached skill level 10 in Maces & Flails
 51571 | Shoals:1 | Noticed a kraken
 51579 | Shoals:1 | Killed a kraken
 51587 | Shoals:1 | Noticed Louise
 51596 | Shoals:1 | Killed Louise
 52226 | Shoals:1 | Killed a kraken
 52773 | Shoals:2 | Identified the +7 plate armour "Lucar" {Fly Int+6}
 53561 | Shoals:2 | Noticed Donald
 53581 | Shoals:2 | Killed Donald
 53881 | Shoals:2 | Noticed Frances
 53892 | Shoals:2 | Killed Frances
 53899 | Shoals:2 | Gained mutation: You possess an exceptional clarity of
                  | mind. [hidden potential]
 54124 | Shoals:2 | Reached skill level 19 in Invocations
 56508 | Shoals:3 | Found a runed translucent door.
 56514 | Shoals:3 | Noticed Hadeweugop's ghost (adept DsNe)
 56533 | Shoals:3 | Killed Hadeweugop's ghost
 56663 | Shoals:4 | Entered Level 4 of the Shoals
 57116 | Shoals:4 | Reached skill level 10 in Necromancy
 58378 | Shoals:4 | Gained mutation: You have a pair of horns on your head.
                  | [demonic ancestry]
 58378 | Shoals:4 | Reached XP level 18. HP: 155/155 MP: 31/31
 59659 | Shoals:4 | Identified the +8 mace "Hounoef" {freeze, rElec rPois
                  | Str-5}
 59886 | Shoals:4 | Reached skill level 20 in Invocations
 59889 | Shoals:4 | Got a barnacled rune of Zot
 60856 | D:13     | You are sucked into a shaft and drop 2 floors!
 60856 | D:15     | Entered Level 15 of the Dungeon
 62070 | D:13     | Gained mutation: You have large cloven feet. [hidden
                  | potential]
 62070 | D:13     | Lost mutation: You have hidden genetic potential. [hidden
                  | potential expressed]
 62665 | D:13     | Found a gate to the Vaults.
 62845 | D:13     | Killed Hubris850's ghost
 62865 | D:13     | Found an iron altar of Okawaru.
 62868 | D:13     | Found a shimmering altar of Xom.
 62868 | D:13     | Found a shimmering blue altar of Sif Muna.
 62929 | D:13     | Found a shadowy altar of Dithmenos.
 62929 | D:13     | Found a sacrificial altar of Ru.
 62929 | D:13     | Found a broken altar of Ashenzari.
 63887 | D:15     | Found a staircase to the Depths.
 64243 | Vaults:1 | Entered Level 1 of the Vaults
 64328 | Vaults:1 | HP: 1/157 [ironbound frostheart (22)]
 64329 | Vaults:1 | Killed from afar by an ironbound frostheart

Illustrated notes

Levels and vault maps discovered:
D:1:      matt_arrival_spirals, layout_loops_cross, st_stairs_3
D:2:      cheibrodos_old_hovel, layout_loops_corners, basic_altar
D:3:      layout_loops_cross, okawaru_gym_becter,
          nicolae_gozag_cash_rules_everything_around_me, gup_sewer_entry_bowl,
          ebering_ecumenical_altar_hall
D:4:      layout_loops_ring, mainiacjoe_overflow_catwalk, serial_shops,
          shop_fountains, nicolae_shop_bloodbath_and_beyond,
          nicolae_shop_waterfront, nicolae_shop_hallway_stairs,
          nicolae_shop_firing_range
D:5:      layout_loops_cross, kennysheep_mini, minmay_temple_entry_glassed_door,
          uniq_duvessa
D:6:      layout_rooms, mainiacjoe_overflow_24_doors,
          hellmonk_ghost_happy_afterlife, grunt_ministairs_8,
          hangedman_abyss_or_decor_stabs, minmay_manual_moon
D:7:      layout_layer_cave, nicolae_overflow_crystal_walls,
          chequers_temple_overflow_minitemple
D:8:      layout_basic, lair_entry_dummy, special_room [special_room_orc],
          small_statue_intersection, minmay_tree_intersection,
          minmay_manual_monstrance, uniq_maurice
D:9:      layout_loops_ring, minmay_fractal_squares_gapless_5
D:10:     layout_roguey, orc_0_dummy, nicolae_trove_entry_crystal, uniq_psyche
D:11:     layout_stronghold, serial_shops, nicolae_shop_hallway_plus,
          uniq_sonja, uniq_harold, uniq_erolcha
D:12:     layout_roguey, serial_ice, serial_ice_k, serial_ice_g, serial_ice_h,
          serial_ice_n
D:13:     layout_small_grid, ximxim_vaults_locker_room, enter_bailey_3,
          ebering_ghost_xom, doesnt_xom_only_xom
D:14:     layout_loops_ring
D:15:     grunt_enter_depths_hoard, layout_long_grid, minmay_microvault
Lair:1:   layout_regular_city, nicolae_quartered_pool_impasse,
          chequers_serial_rivers_micro_a, kennysheep_abandoned_house,
          lemuel_fruit_fields
Lair:2:   layout_hall_layers, st_stairs_12, kennysheep_snail_temple
Lair:3:   layout_cave_shapes, hibernation_bobbens
Lair:4:   layout_big_grid, elwin_shoals_entry_rooms, spider_nest_entry_a
Lair:5:   layout_roguey, grunt_megastairs_2, infiniplex_staircase_pool_2
Lair:6:   minmay_lair_end_frog_pond, layout_loops_ring,
          minmay_slime_entry_pillars, gauntlet_entry_generic,
          serial_bayou_lagoon_a, st_stairs_4, lemuel_fruit_tree
Shoals:1: layout_shoals, gammafunk_ghost_grave, lemuel_altar_in_water,
          nicolae_shoals_land_atoll, uniq_louise
Shoals:2: layout_shoals, kb_tengu_band, uniq_donald, uniq_frances
Shoals:3: layout_shoals, ebering_ghost_reflecting_pool
Shoals:4: shoals_end_hellmonk_lost_city
Spider:1: nicolae_spider_jumping_over_cracks [nicolae_spider_jumping_sub_narrow,
          nicolae_spider_jumping_sub_divot, nicolae_spider_jumping_sub_moat,
          nicolae_spider_jumping_sub_empty], nicolae_spider_checkerboard
Spider:2: nicolae_spider_hilbert_zone_7 [nicolae_spider_hilbert_4_sides_1_open,
          nicolae_spider_hilbert_4_sides_1_open,
          nicolae_spider_hilbert_4_sides_1_open,
          nicolae_spider_hilbert_4_sides_1_open,
          nicolae_spider_hilbert_3_sides_1_open,
          nicolae_spider_hilbert_3_sides_1_open,
          nicolae_spider_hilbert_3_sides_1_open,
          nicolae_spider_hilbert_3_sides_1_open,
          nicolae_spider_hilbert_4_sides_1_open,
          nicolae_spider_hilbert_4_sides_1_open,
          nicolae_spider_hilbert_4_sides_1_open,
          nicolae_spider_hilbert_2_sides_1_open,
          nicolae_spider_hilbert_2_sides_1_open,
          nicolae_spider_hilbert_2_sides_1_open,
          nicolae_spider_hilbert_2_sides_1_open,
          nicolae_spider_hilbert_2_sides_1_open,
          nicolae_spider_hilbert_2_sides_1_open]
Spider:3: layout_spider_delve
Spider:4: grunt_spider_rune_island
Orc:1:    layout_caves, portal_ice_cave_entry_imps, guppyfry_orc_lava_fort
Orc:2:    st_orc_mages, layout_caves, nicolae_orc_damp_corner
Vaults:1: nicolae_vaults_network_periphery, hangedman_vaults_maws,
          hangedman_vaults_river_flow, nicolae_vaults_meeting, v_misc_27,
          grunt_vaults_swirl, v_misc_4, nicolae_vaults_little_squares_6,
          vaults_room_hallway, vaults_room_hallway, ontoclasm_vaults_pinch,
          ontoclasm_vaults_shuriken, ontoclasm_vaults_gateway,
          layout_vaults_ring, serial_glass

Skill      XL: |  1  2  3  4  5  6  7  8  9 10 11 12 13 14 15 16 17 18 |
---------------+-------------------------------------------------------+-----
Long Blades    | 2 3 4 9 10 11 12 13 | 13.7
Armour         | 2 3 4 6 7 9 10 12 13 14 | 14.1
Invocations    | 3 4 5 6 7 9 10 12 13 15 16 18 19 20 | 20.5
Fighting       | 4 5 10 11 12 13 14 15 16 17 18 | 18.1
Shields        | 3 4 |  4.0
Evocations     | 2 5 7 8 |  8.5
Conjurations   | 3 |  3.4
Fire Magic     | 2 |  2.0
Maces & Flails | 4 9 11 12 | 12.5
Necromancy     | 3 7 10 11 | 11.7
Dodging        | |  0.8

Action                   |  1- 3 |  4- 6 |  7- 9 | 10-12 | 13-15 | 16-18 || total
-------------------------+-------+-------+-------+-------+-------+-------++-------
Melee: Falchion          |   113 |   123 |   156 |   473 |  1489 |    69 ||  2423
       Headbutt          |    13 |    13 |    19 |   124 |   428 |   348 ||   945
       Tailslap          |     3 |     7 |    15 |    88 |   312 |   222 ||   647
       Mace              |       |       |       |       |       |   953 ||   953
Invok: Depart the Abyss  |     1 |       |       |       |       |       ||     1
       Banish            |       |       |       |     6 |     9 |     2 ||    17
       Brand Weapon With |       |       |       |       |     1 |       ||     1
Evoke: Wand              |       |       |       |     1 |    18 |    14 ||    33
       Condenser vane    |       |       |       |       |     7 |     8 ||    15
       Tin of tremorston |       |       |       |       |     4 |    10 ||    14
       Lightning rod     |       |       |       |       |       |    18 ||    18
  Use: Scroll            |     7 |     4 |    11 |     9 |    14 |     4 ||    49
       Potion            |       |       |     6 |       |     9 |    17 ||    32
 Stab: Held in net/web   |       |       |       |       |       |     2 ||     2
       Distracted        |       |       |       |       |       |     1 ||     1
Armor: Chain mail        |    81 |    82 |    76 |   183 |   518 |       ||   940
       Skin              |       |       |    12 |       |       |       ||    12
       Ice dragon scales |       |       |       |       |    15 |       ||    15
       Animal skin       |       |       |       |       |     6 |       ||     6
       Plate armour      |       |       |       |       |   150 |   881 ||  1031
       Leather armour    |       |       |       |       |       |    58 ||    58
       Ring mail         |       |       |       |       |       |    65 ||    65
Dodge: Dodged            |    49 |    32 |    54 |   124 |   385 |   391 ||  1035
Block: Buckler           |       |       |       |    19 |   477 |   561 ||  1057

Table legend: (Time is in decaauts)
 A = Elapsed time spent in this place.
 B = Non-inter-level travel time spent in this place.
 C = Inter-level travel time spent in this place.
 D = Time resting spent in this place.
 E = Time spent auto-exploring this place.
 F = Levels seen in this place.
 G = Mean time per level.
                   A        B        C        D        E       F      G
               +--------+--------+--------+--------+--------+-----+--------+
         Total |  63868 |  61333 |   2535 |  28630 |  24655 |  37 | 1726.2 |
       Dungeon |  22122 |  20719 |   1403 |   7343 |  11027 |  15 | 1474.8 |
          Lair |  13101 |  12457 |    644 |   5080 |   6051 |   6 | 2183.5 |
        Shoals |   9838 |   9663 |    175 |   6128 |   2488 |   4 | 2459.5 |
   Spider Nest |  10612 |  10355 |    257 |   5774 |   2850 |   4 | 2653.0 |
  Orcish Mines |   4278 |   4225 |     53 |   2501 |    945 |   2 | 2139.0 |
        Vaults |     83 |     83 |      0 |      0 |     51 |   1 |   83.0 |
         Abyss |    150 |    150 |      0 |      0 |    119 |   2 |   75.0 |
         Sewer |    619 |    619 |      0 |    442 |     69 |   1 |  619.0 |
        Bailey |    698 |    698 |      0 |     72 |    405 |   1 |  698.0 |
      Ice Cave |   2363 |   2363 |      0 |   1288 |    648 |   1 | 2363.0 |
               +--------+--------+--------+--------+--------+-----+--------+

Top non-repeatable levels by time:
Spider:2: 3597 daAuts
Shoals:3: 3418 daAuts
    D:10: 3057 daAuts
   Orc:1: 2888 daAuts
  Lair:4: 2773 daAuts
  Lair:6: 2722 daAuts
  Lair:2: 2603 daAuts
Spider:4: 2487 daAuts
Spider:1: 2418 daAuts
   IceCv: 2363 daAuts
Shoals:1: 2287 daAuts
  Lair:5: 2210 daAuts
Shoals:2: 2172 daAuts
Spider:3: 2109 daAuts
     D:8: 2098 daAuts
